 Dungeon Crawl Stone Soup version 0.26-a0-665-gefeb406119 (webtiles) character file.

Game seed: 2362757993602102775

192 Hypoxia the Chopper (level 5, -2/46 HPs)
             Began as a Deep Dwarf Fighter on Oct 14, 2020.
             Slain by Edmund
             ... wielding a +3 flail of holy wrath
              (15 damage)
             ... on level 4 of the Dungeon.
             The game lasted 00:07:18 (589 turns).

Hypoxia the Chopper (Deep Dwarf Fighter)             Turns: 589, Time: 00:07:18

Health: -2/46      AC:  6    Str: 19    XL:     5   Next: 42%
Magic:  5/5        EV:  7    Int: 15    God:
Gold:   63         SH:  9    Dex: 13    Spells: 4/4 levels left

rFire    . . .     SeeInvis .   a - +0 war axe
rCold    . . .     Faith    .   c - +0 kite shield
rNeg     . . .     Spirit   .   b - +0 scale mail
rPois    .         Reflect  .   (no helmet)
rElec    .         Harm     .   (no cloak)
rCorr    .         Rampage  .   (no gloves)
MR       .....                  (no boots)
Stlth    ..........             i - amulet of inaccuracy (curse)
HPRegen  0.00/turn              f - +6 ring of intelligence
MPRegen  0.09/turn              (no ring)

@: lethally poisoned (-2 -> -2), non-regenerating
A: damage resistance, heal wounds, sense surroundings 1, no regeneration
a: Heal Wounds


You were on level 4 of the Dungeon.
You visited 1 branch of the dungeon, and saw 5 of its levels.

You collected 63 gold pieces.

Inventory:

Hand Weapons
 a - a +0 war axe (weapon)
Armour
 b - a +0 scale mail (worn)
 c - a +0 kite shield (worn)
Jewellery
 f - a +6 ring of intelligence (left hand)
 i - a cursed amulet of inaccuracy (around neck)
Scrolls
 B - a scroll of blinking {!r@r4}
 R - 2 scrolls of identify {@r1}
Potions
 d - a potion of might {@q4}
 e - a potion of degeneration {unknown}
 g - a potion of flight {unknown}


   Skills:
 - Level 2.6 Fighting
 + Level 6.3 Axes
 - Level 3.2 Armour
 - Level 3.2 Shields


You had 4 spell levels left.
You didn't know any spells.
Your spell library was empty.

Dungeon Overview and Level Annotations

Branches:
Dungeon (5/15)
 Temple: D:4-7

Altars:
Ashenzari
Yredelemnul
The Shining One

Annotations:
D:4 Edmund


Innate Abilities, Weirdness & Mutations

You are resistant to damage.
You can heal yourself by infusing magical energy.
You passively map a small area around you.
You do not regenerate.


Message History

You hit Edmund but do no damage.
Edmund is severely wounded.
You closely miss the adder. Edmund hits you but does no damage.
The adder bites you but does no damage.
You closely miss the adder. You hit Edmund. The adder bites you.
You are poisoned.
The adder poisons you!
Edmund hits you with a +3 flail of holy wrath.
The adder bites you but does no damage.
You barely miss Edmund.
Edmund is severely wounded.
You miss the adder.
Edmund hits you with a +3 flail of holy wrath!
The adder bites you.
You fail to use your ability.
The adder bites you.
Edmund hits you with a +3 flail of holy wrath!
The adder bites you but does no damage.
You fail to use your ability.
Edmund hits you with a +3 flail of holy wrath!
You die...

*,,,*,**,*,,,,.............>
*,,,*,*#.#..###...........††
***,,,*.##............#.......
**,,,,,+,.....,,...............
*,,,,,,*,*#...,***#....##..##..
*,,,,,,*,*#...#####..<(##......
*,,*+*,,,**#...........##.###..
*,,*_*,..###..@####.......###..
*,,***,.......@S...............
*,,,,,,#.###.#.#####..#######..
*,,,,,,*,* #....,.....# #.....
********,* ###.#####.## #.#..#
*,* ### #.# #,#._# *,* #.#
*,#..# *,* *.# *,#..# ***
*,*****,#..# *,,,,,,,....


You could see Edmund (strong) and an adder.

Vanquished Creatures
  A hound
  A bullfrog skeleton
  An iguana
  An orc wizard
  4 adders
  2 worms
  2 leopard geckos
  4 orcs
  3 bats
  2 giant cockroaches
  4 goblins
  2 hobgoblins
  6 jackals
  A frilled lizard
  3 kobolds
  A rat
38 creatures vanquished.

Notes
Turn   | Place    | Note
-------+----------+-------------------------------------------
     0 | D:1      | Hypoxia the Deep Dwarf Fighter began the quest for the Orb.
     0 | D:1      | Reached XP level 1. HP: 20/20 MP: 1/1
    97 | D:1      | Reached skill level 3 in Axes
   109 | D:2      | Reached XP level 2. HP: 17/27 MP: 2/2
   216 | D:3      | Reached XP level 3. HP: 31/33 MP: 3/3
   221 | D:3      | Reached skill level 4 in Axes
   280 | D:4      | Reached skill level 5 in Axes
   280 | D:4      | Reached XP level 4. HP: 16/40 MP: 4/4
   331 | D:4      | Found a broken altar of Ashenzari.
   346 | D:4      | Reached XP level 5. HP: 31/46 MP: 5/5
   347 | D:4      | Reached skill level 6 in Axes
   349 | D:5      | Entered Level 5 of the Dungeon
   387 | D:4      | Found a basalt altar of Yredelemnul.
   520 | D:2      | Found a glowing golden altar of the Shining One.
   564 | D:4      | Noticed Edmund
   589 | D:4      | Slain by Edmund

Illustrated notes

Levels and vault maps discovered:
D:1:      dpeg_arrival_round_b, layout_loops_ring, minmay_crystal_water,
          lexackson_kobold_supper
D:2:      layout_rooms, tso_oasis_becter, chequers_ecumenical_altar_lobes,
          minmay_misc_feat_diagonals
D:3:      wander_river, layout_basic
D:4:      minmay_octagon_keep, layout_basic, kennysheep_little_box,
          overflow_temple_1_default, kennysheep_mini_moat, serial_shops,
          nicolae_shop_window_shopping, uniq_edmund
D:5:      minmay_evil_eye, layout_loops_ring, kennysheep_mini, uniq_grinder,
          uniq_prince_ribbit1

Skill      XL: |  1  2  3  4  5 |
---------------+----------------+-----
Axes           | 3 5 6 |  6.3
Fighting       | |  2.6
Armour         | |  3.2
Shields        | |  3.2

Action                   |  1- 3 |  4- 6 || total
-------------------------+-------+-------++-------
Melee: War axe           |    71 |    50 ||   121
 Abil: Heal Wounds       |     1 |     3 ||     4
  Use: Scroll            |       |     2 ||     2
Armor: Scale mail        |    92 |    40 ||   132
Dodge: Dodged            |    39 |    29 ||    68
Block: Kite shield       |    71 |    51 ||   122

Table legend: (Time is in decaauts)
 A = Elapsed time spent in this place.
 B = Non-inter-level travel time spent in this place.
 C = Inter-level travel time spent in this place.
 D = Time resting spent in this place.
 E = Time spent auto-exploring this place.
 F = Levels seen in this place.
 G = Mean time per level.
                   A        B        C        D        E       F      G
               +--------+--------+--------+--------+--------+-----+--------+
         Total |    634 |    599 |     35 |      0 |      0 |   5 |  126.8 |
       Dungeon |    634 |    599 |     35 |      0 |      0 |   5 |  126.8 |
               +--------+--------+--------+--------+--------+-----+--------+

Top non-repeatable levels by time:
     D:4: 188 daAuts
     D:3: 158 daAuts
     D:2: 152 daAuts
     D:1: 112 daAuts
     D:5: 22 daAuts
